 Dungeon Crawl Stone Soup version 0.20.0 (webtiles) character file.

44554 MatthieuS the Arsonist (level 13, 0/96 HPs)
             Began as a Red Draconian Conjurer on June 16, 2017.
             Was a High Priest of Sif Muna.
             Slain by a komodo dragon (23 damage)
             ... on level 5 of the Lair of Beasts on June 17, 2017.
             The game lasted 02:26:24 (26768 turns).

MatthieuS the Arsonist (Red Draconian Conjurer)    Turns: 26768, Time: 02:26:25

Health: 0/96       AC: 13    Str: 11      XL:     13   Next: 96%
Magic:  21/29      EV: 15    Int: 18 (19) God:    Sif Muna [*****.]
Gold:   1297       SH:  6    Dex: 10 (11) Spells: 2/36 levels left

rFire    + . .     SeeInvis .   e - staff of wizardry
rCold    . . .     Gourm    .   i - +2 buckler
rNeg     . . .     Faith    +   (armour unavailable)
rPois    .         Spirit   .   y - +1 hat {MR+}
rElec    .         Reflect  .   p - scarf {cloud immunity}
rCorr    .         Harm     .   l - +2 pair of gloves
MR       +....                  V - +0 pair of boots
Stlth    +++.......             r - amulet of faith
Regen    0.3/turn               k - ring of wizardry
MPRegen  0.3/turn               G - ring of stealth

@: slowed, very slow
A: breathe fire, unfitting armour, deterioration 1, fire resistance 1, weak 1,
wild magic 1, cold-blooded, AC +8
a: Breathe Fire, Divine Energy, Channel Magic, Forget Spell, Renounce Religion


You were on level 5 of the Lair of Beasts.
You worshipped Sif Muna.
Sif Muna was extremely pleased with you.
You were not hungry.

You visited 2 branches of the dungeon, and saw 17 of its levels.

You collected 1352 gold pieces.
You spent 55 gold pieces at shops.

Inventory:

Hand Weapons
 a - a +1 dagger of protection
 w - a +2 hunting sling
Missiles
 N - 70 sling bullets
Armour
 i - a +2 buckler (worn)
 l - a +2 pair of gloves (worn)
 p - a scarf of cloud immunity (worn)
 y - a +1 hat of magic resistance (worn)
 V - a +0 pair of boots (worn)
Magical Staves
 e - an uncursed staff of wizardry (weapon)
Jewellery
 k - a ring of wizardry (left hand)
 r - an amulet of faith (around neck)
 E - an uncursed ring of resist corrosion
 G - a ring of stealth (right hand)
Wands
 f - a wand of clouds (9/9)
 t - a wand of iceblast (7/15)
 u - a wand of disintegration (9/24)
 z - a wand of digging (12/24)
 J - a wand of polymorph (13/24)
 K - a wand of flame (24/48)
 P - a wand of confusion (35/48)
 T - a wand of lightning (8/15)
 U - a wand of confusion (22/48)
Scrolls
 g - 6 scrolls of teleportation
 h - 6 scrolls of remove curse
 n - 5 scrolls of magic mapping
 o - 3 scrolls of enchant weapon
 B - a scroll of fear
 L - a scroll of silence
 W - 2 scrolls of fog
 X - a scroll of enchant armour
Potions
 d - 2 potions of agility
 j - 6 potions of curing
 q - 3 potions of heal wounds
 v - 2 potions of brilliance
 x - 2 potions of ambrosia
 A - a potion of cancellation {unknown}
 M - a potion of haste
 O - 3 potions of might
 S - 6 potions of degeneration {unknown}
Books
 C - a book of Air

   Spells                             Type                      Level
   a - Shock                          Conjuration/Air              1
   b - Swiftness                      Charms/Air                   2
   c - Static Discharge               Conjuration/Air              3
   d - Airstrike                      Air                          4
   e - Lightning Bolt                 Conjuration/Air              5
 F - Sif Muna's Handbook of Battle Magic
   (Sif Muna gifted it to you on level 5 of the Lair of Beasts)

   Spells                             Type                      Level
   a - Throw Frost                    Conjuration/Ice              2
   b - Mephitic Cloud                 Conjuration/Poison/Air       3
   c - Fulminant Prism                Conjuration/Hexes            4
   d - Bolt of Draining               Conjuration/Necromancy       5
   e - Iskenderun's Battlesphere      Conjuration/Charms           5
   f - Bolt of Fire                   Conjuration/Fire             6
   g - Chain Lightning                Conjuration/Air              8
Miscellaneous
 s - a phantom mirror
Comestibles
 b - 11 bread rations
 c - 9 meat rations
 Q - 38 fruits


   Skills:
 - Level 4.2 Fighting
 - Level 8.0 Dodging
 - Level 1.7 Stealth
 - Level 4.2 Shields
 + Level 12.3 Spellcasting
 - Level 11.0 Conjurations
 - Level 7.3 Hexes
 + Level 13.4 Fire Magic
   Level 2.3 Earth Magic
 - Level 3.1 Invocations


You had 2 spell levels left.
You knew the following spells:

 Your Spells              Type           Power        Failure   Level  Hunger
a - Magic Dart            Conj           ####         1%          1    None
b - Searing Ray           Conj           ######       1%          2    None
c - Dazzling Spray        Conj/Hex       ######       1%          3    None
d - Fulminant Prism       Conj/Hex       ######....   1%          4    ##.....
e - Fire Storm            Conj/Fire      ######....   99%         9    #######
f - Cause Fear            Hex            #####.....   1%          4    ##.....
g - Iskenderun's Battles  Conj/Chrm      #####...     7%          5    ####...
h - Apportation           Tloc           ##....       2%          1    None
i - Fireball              Conj/Fire      ######....   1%          5    ####...


Dungeon Overview and Level Annotations

Branches:
Dungeon (11/15)            Temple (0/1) D:6            Lair (6/6) D:8
  Swamp (0/4) Lair:2       Spider (0/4) Lair:3        Slime (0/5) Lair:5
    Orc (0/2) D:11

Altars:
Ashenzari
Cheibriados
Dithmenos
Elyvilon
Hepliaklqana
Makhleb
Nemelex Xobeh
Qazlal
Sif Muna
Trog
Uskayaw
Xom
Yredelemnul
The Shining One

Shops:
D:6 [   D:7 !   D:10 [


Innate Abilities, Weirdness & Mutations

You can breathe blasts of fire.
Your fiery red scales are hard. (AC +8)
You cannot fit into any form of body armour.
Your flesh is heat resistant. (rF+)
You are cold-blooded and may be slowed by cold attacks.
Your body sometimes deteriorates upon taking damage.
You are weak. (Str -2)
Your spells are a little harder to cast, but a little more powerful.


Message History

The komodo dragon bites you!!
Your body deteriorates!
You feel dopey. You block the yak's attack.
You hear a howl!
You hear an angry hiss. x3
The yak is no longer blind.
You block the yak's attack. You block the komodo dragon's attack.
There is a stone staircase leading up, spattered with blood here.
The yak gores you!
* * * LOW HITPOINT WARNING * * *
The torpor snail misses you. The komodo dragon bites you.
* * * LOW HITPOINT WARNING * * *
You block the yak's attack.
You climb upwards.
There is a stone staircase leading down here.
Okay, then.
As you read the scroll of fear, it crumbles to dust.
You assume a fearsome visage.
The komodo dragon easily resists.
The yak looks frightened!
The torpor snail looks frightened!
The komodo dragon bites you!!
You die...

#.......#######.......
#.....##รท##...........
#...###..###..........
#....#...[#...........
##...##...#.......#...
#..##..#.##....#..#P.
#...#....##....####.P
#...##..##......##...
###..Y@####.#.....#..P.
#P...w.l........P###.#.
#..........<.....##.#..
###..............##.#P.
#.....................
##....................
#...P##...............
##....##.........<....
#...####.............


You could see a torpor snail (fleeing), a komodo dragon and a yak (fleeing).

Vanquished Creatures
  Gastronok (D:8)
  The ghost of Nothus the Trollish Cataclysm, a journeyman TrMo of Qazlal (Lair:2)
  10 hydras
  A death yak (Lair:3)
  Sonja (D:10)
  The ghost of myxocpahck the Dealer of Despair, a novice HuNe of Kikubaaqudgha (D:8)
  A lindwurm (Lair:4)
  A manticore (D:11)
  An oklob plant (Lair:4)
  An ugly thing (D:11)
  3 cyclopes (D:11)
  A centaur zombie (D:10)
  8 elephants
  3 black mambas
  Psyche (D:10)
  A torpor snail (Lair:5)
  6 spiny frogs
  2 rime drakes
  4 komodo dragons
  A polar bear (Lair:5)
  A jumping spider (Lair:3)
  3 trolls
  Grinder (D:6)
  16 blink frogs
  A hornet (D:8)
  9 hippogriffs
  2 redbacks (Lair:3)
  9 wyverns
  Eustachio (D:5)
  23 yaks
  A basilisk (Lair:4)
  A hungry ghost (D:8)
  A steam dragon (Lair:4)
  A warg (D:11)
  An acid dragon (Lair:4)
  A soldier ant (D:11)
  5 water moccasins
  6 orc warriors
  6 porcupines
  3 ice beasts
  A swamp drake (Lair:4)
  A necrophage (D:11)
  2 black bears
  9 ogres
  6 sky beasts
  A phantom (D:5)
  10 wolves
  5 centaurs
  9 crocodiles
  3 big kobolds
  18 bullfrogs
  3 wyvern skeletons
  4 scorpions
  18 killer bees
  7 howler monkeys
  An electric eel (Lair:2)
  2 crimson imps (D:5)
  16 jellies
  A quasit (D:11)
  12 orc priests
  3 hounds
  2 centaur skeletons
  2 bullfrog skeletons (D:11)
  24 orc wizards
  Ijyb (D:3)
  3 iguanas
  4 hell rats (Lair:3)
  6 worker ants
  A hound zombie (D:6)
  3 hound skeletons
  2 worker ant zombies
  A howler monkey zombie (D:9)
  17 adders
  3 gnolls (D:8)
  4 river rats (Lair:3)
  4 shadow imps
  4 oozes
  An adder zombie (D:8)
  2 worms
  3 dart slugs
  11 leopard geckos
  77 orcs
  8 bats
  6 giant cockroaches
  18 goblins
  5 hobgoblins
  8 jackals
  7 quokkas
  A ball python (D:1)
  5 frilled lizards
  A jackal skeleton (D:4)
  A jackal zombie (D:8)
  16 kobolds
  A leopard gecko skeleton (D:4)
  A leopard gecko zombie (D:5)
  A quokka skeleton (D:4)
  9 rats
  A butterfly (Lair:2)
  9 fulminant prisms
  2 fungi
  2 plants (Lair:4)
550 creatures vanquished.

Vanquished Creatures (others)
  A yak (Lair:4)
  A river rat (Lair:3)
  63 fulminant prisms
  7 fungi
  8 plants
80 creatures vanquished.

Grand Total: 630 creatures vanquished

Notes
Turn   | Place    | Note
-------+----------+-------------------------------------------
     0 | D:1      | MatthieuS the Draconian Conjurer began the quest for the Orb.
     0 | D:1      | Reached XP level 1. HP: 14/14 MP: 3/3
   109 | D:1      | Reached skill level 1 in Fighting
   114 | D:1      | Reached XP level 2. HP: 16/23 MP: 0/5
   204 | D:1      | Learned a level 2 spell: Searing Ray
   695 | D:1      | Reached XP level 3. HP: 18/28 MP: 1/6
  1614 | D:2      | Found a snail-covered altar of Cheibriados.
  1620 | D:2      | Found a shimmering altar of Xom.
  1623 | D:2      | Found a deep blue altar of Sif Muna.
  1627 | D:2      | Became a worshipper of Sif Muna the Loreminder
  1688 | D:2      | Reached XP level 4. HP: 36/36 MP: 3/8
  1858 | D:2      | Found a bloodstained altar of Trog.
  1995 | D:2      | Found a snail-covered altar of Cheibriados.
  1995 | D:2      | Found a shimmering altar of Xom.
  1997 | D:2      | Found a snail-covered altar of Cheibriados.
  1997 | D:2      | Found a glowing golden altar of the Shining One.
  1997 | D:2      | Found a hazy altar of Hepliaklqana.
  2189 | D:3      | Learned a level 3 spell: Dazzling Spray
  2489 | D:3      | Noticed Ijyb
  2529 | D:3      | Killed Ijyb
  2529 | D:3      | Reached skill level 5 in Conjurations
  2529 | D:3      | Reached XP level 5. HP: 22/42 MP: 4/9
  2674 | D:3      | Learned a level 4 spell: Fulminant Prism
  2839 | D:3      | Reached * piety under Sif Muna
  3354 | D:4      | Reached skill level 1 in Shields
  3394 | D:4      | Reached XP level 6. HP: 48/49 MP: 11/11
  3402 | D:5      | Entered Level 5 of the Dungeon
  3599 | D:5      | Learned a level 1 spell: Confusing Touch
  3932 | D:5      | Found a sparkling altar of Nemelex Xobeh.
  4102 | D:5      | Noticed Eustachio
  4114 | D:5      | Killed Eustachio
  4114 | D:5      | Your scales start taking on a fiery red colour.
  4114 | D:5      | Reached XP level 7. HP: 51/56 MP: 0/14
  4114 | D:5      | Gained mutation: Your flesh is heat resistant. (rF+) [Red Draconian growth]
  4246 | D:5      | Reached skill level 5 in Spellcasting
  4602 | D:4      | Reached ** piety under Sif Muna
  4754 | D:4      | Found a shadowy altar of Dithmenos.
  4913 | D:4      | Found a basalt altar of Yredelemnul.
  4969 | D:4      | Found a white marble altar of Elyvilon.
  5082 | D:5      | Reached XP level 8. HP: 23/62 MP: 13/16
  5579 | D:6      | Found Yqikesih's Antique Armour Emporium.
  5585 | D:6      | Learned a level 4 spell: Force Lance
  5590 | D:6      | Learned a level 4 spell: Iskenderun's Mystic Blast
  5886 | D:6      | Found a staircase to the Ecumenical Temple.
  6031 | D:6      | Noticed Grinder
  6034 | D:6      | Killed Grinder
  6034 | D:6      | Reached *** piety under Sif Muna
  6432 | D:6      | Reached XP level 9. HP: 52/68 MP: 12/19
  6989 | D:7      | Reached skill level 1 in Hexes
  7789 | D:7      | Learned a level 1 spell: Apportation
  7888 | D:7      | Reached **** piety under Sif Muna
  7973 | D:7      | Found a shattered altar of Ashenzari.
  8302 | D:7      | Found Tialoal's Distillery.
  8310 | D:7      | Bought a potion of heal wounds for 55 gold pieces
  8515 | D:8      | Noticed myxocpahck's ghost (novice HuNe)
  8529 | D:8      | Killed myxocpahck's ghost
  8776 | D:8      | Reached XP level 10. HP: 76/79 MP: 2/22
  8788 | D:8      | Noticed Gastronok
  9098 | D:8      | Killed Gastronok
  9098 | D:8      | Reached skill level 5 in Dodging
  9236 | D:8      | Reached skill level 1 in Invocations
  9236 | D:8      | Reached ***** piety under Sif Muna
  9236 | D:8      | Identified Sif Muna's Incunabulum of Confrontation (Sif Muna gifted it to you on level 8 of the Dungeon)
  9236 | D:8      | Received a gift from Sif Muna
 10035 | D:8      | Found a staircase to the Lair.
 10495 | D:9      | Learned a level 4 spell: Cause Fear
 10501 | D:9      | Learned a level 5 spell: Fireball
 10612 | D:9      | Reached skill level 1 in Fire Magic
 10616 | D:9      | Reached XP level 11. HP: 61/84 MP: 0/24
 10618 | D:9      | Reached skill level 2 in Fire Magic
 10632 | D:9      | Reached skill level 10 in Conjurations
 10691 | D:9      | Reached skill level 3 in Fire Magic
 11233 | D:9      | Found a stormy altar of Qazlal.
 11421 | D:9      | Learned a level 9 spell: Fire Storm
 11844 | D:9      | Reached skill level 10 in Spellcasting
 11844 | D:9      | Reached skill level 4 in Fire Magic
 12099 | D:10     | Entered Level 10 of the Dungeon
 12452 | D:10     | Reached skill level 5 in Fire Magic
 12527 | D:10     | Found Dypod's Antique Armour Emporium.
 12613 | D:10     | Received a gift from Sif Muna
 12869 | D:10     | Noticed Sonja
 12871 | D:10     | Killed Sonja
 12988 | D:10     | Noticed Psyche
 12992 | D:10     | Reached skill level 6 in Fire Magic
 13004 | D:10     | Killed Psyche
 13301 | D:11     | Found a burning altar of Makhleb.
 13771 | D:11     | Found a staircase to the Orcish Mines.
 13926 | D:11     | Reached skill level 7 in Fire Magic
 14267 | D:11     | Got a smoking great sword
 14325 | D:11     | Noticed a four-headed hydra
 14331 | D:11     | Killed a four-headed hydra
 14785 | D:11     | Reached skill level 8 in Fire Magic
 15035 | D:11     | Noticed a cyan ugly thing
 15048 | D:11     | Noticed a seven-headed hydra
 15082 | D:11     | Reached XP level 12. HP: 90/90 MP: 13/27
 15990 | D:11     | Learned a level 4 spell: Leda's Liquefaction
 16051 | D:11     | Killed a seven-headed hydra
 16051 | D:11     | Reached skill level 1 in Earth Magic
 16706 | Lair:1   | Entered Level 1 of the Lair of Beasts
 17911 | Lair:2   | Noticed Nothus's ghost (journeyman TrMo)
 17914 | Lair:2   | Noticed a seven-headed hydra
 18213 | Lair:2   | Found a staircase to the Swamp.
 18246 | Lair:2   | Identified Sif Muna's Tome of the Frostbite and Boosts (Sif Muna gifted it to you on level 2 of the Lair of Beasts)
 18246 | Lair:2   | Received a gift from Sif Muna
 18963 | Lair:2   | Killed a seven-headed hydra
 19006 | Lair:2   | Killed Nothus's ghost
 19862 | Lair:2   | Reached skill level 9 in Fire Magic
 20156 | Lair:3   | Found a hide-covered altar of Uskayaw.
 20157 | Lair:3   | Noticed an eight-headed hydra
 20173 | Lair:3   | Killed an eight-headed hydra
 20173 | Lair:3   | Reached skill level 5 in Hexes
 20189 | Lair:3   | Reached XP level 13. HP: 65/96 MP: 2/29
 20553 | Lair:3   | Found a hole to the Spider Nest.
 21443 | Lair:3   | Gained mutation: Your body sometimes deteriorates upon taking damage. [potion of mutation]
 21443 | Lair:3   | Gained mutation: You are weak. (Str -2) [potion of mutation]
 21443 | Lair:3   | Gained mutation: Your spells are a little harder to cast, but a little more powerful. [potion of mutation]
 21619 | Lair:3   | Reached skill level 10 in Fire Magic
 23489 | Lair:4   | Received a gift from Sif Muna
 23539 | Lair:4   | Reached skill level 11 in Fire Magic
 24334 | Lair:4   | Reached skill level 12 in Fire Magic
 25279 | Lair:5   | Reached skill level 13 in Fire Magic
 25310 | Lair:5   | Identified Sif Muna's Handbook of Battle Magic (Sif Muna gifted it to you on level 5 of the Lair of Beasts)
 25310 | Lair:5   | Received a gift from Sif Muna
 25327 | Lair:5   | Learned a level 5 spell: Iskenderun's Battlesphere
 25483 | Lair:5   | Found a staircase to the Slime Pits.
 26293 | Lair:5   | Found a runed door.
 26570 | Lair:6   | Entered Level 6 of the Lair of Beasts
 26768 | Lair:5   | Slain by a komodo dragon

Skill      XL: |  1  2  3  4  5  6  7  8  9 10 11 12 13 |
---------------+----------------------------------------+-----
Fighting       | 1 2 4 |  4.2
Spellcasting   | 3 4 5 7 8 9 11 12 | 12.3
Conjurations   | 5 6 7 8 9 10 11 | 11.0
Shields        | 1 2 3 4 |  4.2
Dodging        | 2 3 6 8 |  8.0
Hexes          | 2 3 5 7 |  7.3
Invocations    | 2 3 |  3.1
Fire Magic     | 1 8 9 13 | 13.4
Earth Magic    | 2 |  2.3
Stealth        | |  1.7

Action                   |  1- 3 |  4- 6 |  7- 9 | 10-12 | 13-15 || total
-------------------------+-------+-------+-------+-------+-------++-------
Melee: Unarmed           |    17 |       |     3 |       |       ||    20
       Dagger            |    34 |    31 |       |    34 |    36 ||   135
       Tailslap          |     1 |     3 |     5 |     7 |     7 ||    23
       Whip              |       |       |    23 |    24 |       ||    47
       Staff             |       |       |       |     3 |       ||     3
 Fire: Hunting sling     |       |    97 |   267 |   185 |    48 ||   597
Throw: Throwing net      |       |       |       |     1 |     1 ||     2
 Cast: Magic Dart        |    73 |    90 |   120 |   528 |   222 ||  1033
       Searing Ray       |     1 |     3 |    14 |    26 |    16 ||    60
       Dazzling Spray    |       |     2 |     9 |    80 |    94 ||   185
       Fulminant Prism   |       |       |    12 |    37 |    23 ||    72
       Force Lance       |       |       |     3 |       |       ||     3
       Confusing Touch   |       |       |     1 |       |       ||     1
       Iskenderun's Myst |       |       |       |     9 |       ||     9
       Fireball          |       |       |       |    58 |    25 ||    83
       Cause Fear        |       |       |       |     6 |       ||     6
       Leda's Liquefacti |       |       |       |     3 |       ||     3
       Iskenderun's Batt |       |       |       |       |     8 ||     8
       Apportation       |       |       |       |       |     3 ||     3
Invok: Forget Spell      |       |       |       |     1 |       ||     1
       Divine Energy     |       |       |       |     1 |       ||     1
       Stop Divine Energ |       |       |       |     1 |       ||     1
       Channel Magic     |       |       |       |     7 |     1 ||     8
 Abil: Breathe Fire      |       |       |     9 |    27 |    10 ||    46
Evoke: Wand              |       |       |       |     4 |     5 ||     9
  Use: Scroll            |       |     9 |    10 |    14 |     9 ||    42
       Potion            |       |       |       |     6 |     2 ||     8
  Eat: Chunk             |     3 |     8 |    14 |    41 |     9 ||    75
       Royal jelly       |       |       |     2 |     7 |     3 ||    12
       Fruit             |       |       |       |     1 |    11 ||    12
       Meat ration       |       |       |       |       |     1 ||     1
Armor: Skin              |    20 |    36 |    59 |   153 |    78 ||   346
Dodge: Dodged            |    32 |    44 |   131 |   311 |   209 ||   727
Block: Buckler           |     1 |    13 |    47 |   172 |    88 ||   321
